 Dungeon Crawl Stone Soup version 0.28.0-47-ge53b351184 (webtiles) character file.

Game seed: 17286784839616030715

23 101zpm the Digger (level 2, -5/24 HPs)
             Began as a Troll Earth Elementalist on Apr 28, 2022.
             Slain by Sigmund
             ... wielding a +0 scythe
              (8 damage)
             ... on level 3 of the Dungeon.
             The game lasted 00:01:16 (982 turns).

101zpm the Digger (Troll Earth Elementalist)         Turns: 982, Time: 00:01:17

Health: -5/24      AC:  4    Str: 15    XL:     2   Next: 75%
Magic:  3/3        EV:  9    Int: 11    God:
Gold:   25         SH:  0    Dex: 10    Spells: 2/3 levels left

rFire   . . .      SeeInvis .   (no weapon)
rCold   . . .      Faith    .   (no shield)
rNeg    . . .      Spirit   .   b - +0 robe
rPois   .          Reflect  .   (helmet restricted)
rElec   .          Harm     .   (no cloak)
rCorr   .          Rampage  .   (gloves unavailable)
Will    .....                   (boots unavailable)
Stlth   +.........              (no amulet)
HPRegen 0.88/turn               (no ring)
MPRegen 0.08/turn               (no ring)

@: no status effects
A: large, unfitting armour, claws 3, regeneration 1, shaggy fur 1, tough skin 1
a: no special abilities


You were on level 3 of the Dungeon.
You visited 1 branch of the dungeon, and saw 3 of its levels.

You collected 25 gold pieces.

Inventory:

Missiles
 c - 87 stones
Armour
 a - a +0 pair of boots
 b - a +0 robe (worn)
Scrolls
 f - a scroll of teleportation {unknown}
Potions
 d - a potion of brilliance {unknown}
 e - a potion of might {unknown}


   Skills:
 + Level 1.6 Dodging
 + Level 1.0 Stealth
 + Level 0.7 Unarmed Combat
 + Level 1.4 Spellcasting
 + Level 0.6 Transmutations
 + Level 3.3 Earth Magic


You had 2 spell levels left.
You knew the following spells:

 Your Spells              Type           Power      Damage    Failure   Level
a - Sandblast             Erth           16%        2d6       9%          1

Your spell library contained the following spells:

 Spells                   Type           Power      Damage    Failure   Level
 Passwall                 Tmut/Erth      4%         N/A       22%         2
 Stone Arrow              Conj/Erth      8%         3d7       43%         3
 Ozocubu's Armour         Ice            0%         N/A       67%         3
 Petrify                  Tmut/Erth      5%         N/A       80%         4
 Ozocubu's Refrigeration  Ice            0%         4d5       100%        7


Dungeon Overview and Level Annotations

Branches:
Dungeon (3/15)

Altars:

Annotations:
D:3 Sigmund


Innate Abilities, Weirdness & Mutations

You are too large for most types of armour.
You have claws for hands.
Your natural rate of healing is unusually fast.
You are covered in fur. (AC +1)
You have tough skin. (AC +1)


Message History

The orc shouts!
The kobold shouts!
You barely miss the orc. The orc hits you with a +0 hand axe.
You claw the orc!
You kill the orc!
You scratch the giant cockroach but do no damage.
The giant cockroach bites you.
You scratch the giant cockroach.
The giant cockroach is severely wounded.
The orc hits you from afar with a +0 trident.
The giant cockroach bites you but does no damage.
You barely miss the giant cockroach.
The giant cockroach is severely wounded.
The orc closely misses you.
The giant cockroach bites you but does no damage.
You scratch the giant cockroach.
You kill the giant cockroach!
The orc hits you from afar with a +0 trident.
The orc barely misses you. Something hits you but does no damage.
Things that are here:
a +0 hand axe; a giant cockroach corpse You barely miss the orc.
The orc hits you but does no damage.
You closely miss the orc. The orc hits you with a +0 trident.
Something hits you.
You closely miss the orc. The orc hits you with a +0 trident.
Something hits you.
* * * LOW HITPOINT WARNING * * *
You scratch the orc.
The orc is almost dead.
You barely miss the orc.
The orc hits you from afar with a +0 trident.
Something hits you.
* * * LOW HITPOINT WARNING * * *
You scratch the orc.
The orc is severely wounded.
The orc barely misses you.
The orc hits you from afar with a +0 trident.
* * * LOW HITPOINT WARNING * * *
Something hits you!
You die...

...# . ...# .# ..
..##.# ... #.##.##.#
.... #..#.##.# .....
#..#.##.#
.....{###....##.#
.....Ko@........#
.....o###.......#
......######.##.#####.#
#...........>##.......#
#.# ########..........#
# #.########.# #.# #.#
#.#


You could see 2 orcs and a kobold.

Vanquished Creatures
  A worm (D:2)
  2 orcs (D:3)
  2 ball pythons (D:2)
  An endoplasm (D:2)
  2 giant cockroaches
  A goblin (D:2)
  2 hobgoblins (D:2)
  A quokka (D:2)
  2 bats (D:2)
  2 rats (D:2)
16 creatures vanquished.

Notes
Turn   | Place    | Note
-------+----------+-------------------------------------------
     0 | D:1      | 101zpm the Troll Earth Elementalist began the quest for the
                  | Orb.
     0 | D:1      | Reached XP level 1. HP: 16/16 MP: 1/1
     5 | D:1      | You fall into a shaft and drop 1 floor!
   229 | D:2      | Reached skill level 3 in Earth Magic
   266 | D:2      | Reached XP level 2. HP: 20/24 MP: 3/3
   966 | D:3      | Noticed Sigmund
   982 | D:3      | Slain by Sigmund

Illustrated notes

Levels and vault maps discovered:
D:1:      lightli_arrival_isolated_outpost, layout_basic,
          shapermc_ecumenical_altar_flowoftime, serial_bayou_pond_e
D:2:      layout_basic, grunt_decor_arrowhead
D:3:      layout_basic, general_overflow_altar, elyvilon_altar_5, serial_shops,
          shop, uniq_robin, uniq_natasha, uniq_sigmund

Skill      XL: |  1 |
---------------+----+-----
Earth Magic    | 3 |  3.3
Dodging        | |  1.6
Stealth        | |  1.0
Unarmed Combat | |  0.7
Spellcasting   | |  1.4
Transmutations | |  0.6

Action                   || total
-------------------------++-------
Melee: Unarmed           ||    68
       Punch             ||     3
 Stab: Sleeping          ||     2
Armor: Robe              ||    22
Dodge: Dodged            ||    27
